 Dungeon Crawl Stone Soup version 0.30-a0-743-gbfdf073431 (webtiles) character file.

Game seed: 7785042428842094653

42511 boo the Brawler (level 13, -12/107 (109) HPs)
             Began as a Demonspawn Monk on Feb 8, 2023.
             Was a High Priest of Okawaru.
             Mangled by a dire elephant (22 damage)
             ... on level 4 of the Lair of Beasts.
             The game lasted 00:56:50 (14184 turns).

boo the Brawler (Demonspawn Monk)                  Turns: 14184, Time: 00:56:51

HP:   -12/107 (109) AC:  7    Str: 17    XL:     13   Next: 85%
MP:   13/13         EV: 22    Int: 12    God:    Okawaru [*****.]
Gold: 1017          SH:  4    Dex: 15    Spells: 12/12 levels left

rFire   + + +      SeeInvis .      - Unarmed
rCold   . . .      Faith    .    v - +1 buckler of Hedging {rF+}
rNeg    . . .      Spirit   .    J - +1 leather armour {rF+}
rPois   .          Reflect  .    (helmet restricted)
rElec   .          Harm     .    G - +1 cloak {rF+}
rCorr   .          Rampage  .    c - +0 pair of gloves
Will    +....                    (no boots)
Stlth   ++                       o - amulet of regeneration
HPRegen 1.17/turn                j - +5 ring of evasion
MPRegen 0.26/turn                E - ring of willpower

@: lightly drained
A: hooves 2, horns 2, ignite blood 2, magic regeneration, demonic touch 2
a: Renounce Religion, Heroism, Finesse, Duel


You were on level 4 of the Lair of Beasts.
You worshipped Okawaru.
Okawaru was extremely pleased with you.
You visited 2 branches of the dungeon, and saw 14 of its levels.
You also visited: Volcano.

You collected 1017 gold pieces.

Inventory:

Missiles
 k - 2 throwing nets (quivered)
Armour
 c - a +0 pair of gloves (worn)
 v - the +1 buckler of Hedging (worn) {rF+}
   (Okawaru gifted it to you on level 5 of the Lair of Beasts)

   rF:        It protects you from fire.
 G - a +1 cloak of fire resistance (worn)
 H - +0 steam dragon scales
 J - a +1 leather armour of fire resistance (worn)
 K - a scarf of shadows
Jewellery
 i - a ring of wizardry
 j - a +5 ring of evasion (left hand)
 o - an amulet of regeneration (around neck)
 E - a ring of willpower (right hand)
 N - a ring of protection from cold
Wands
 l - a wand of roots (18)
 x - a wand of polymorph (24)
 y - a wand of flame (21)
Scrolls
 a - 2 scrolls of immolation
 d - 2 scrolls of poison
 e - 4 scrolls of enchant weapon
 g - 2 scrolls of enchant armour
 m - 2 scrolls of vulnerability
 p - 9 scrolls of teleportation
 r - 2 scrolls of amnesia
 t - a scroll of blinking
 u - a scroll of brand weapon {unknown}
 L - a scroll of acquirement {unknown}
Potions
 b - a potion of ambrosia
 f - 4 potions of mutation
 h - 2 potions of magic
 n - 5 potions of curing
 q - 2 potions of invisibility
 s - 6 potions of cancellation
 z - 4 potions of flight
 A - 3 potions of haste
 B - 2 potions of brilliance {unknown}
 C - 3 potions of might {unknown}
 D - 2 potions of resistance {unknown}
 F - a potion of heal wounds
 I - 3 potions of berserk rage {unknown}
 M - a potion of lignification {unknown}


   Skills:
 + Level 12.6 Fighting
 + Level 11.5 Dodging
 + Level 3.8 Stealth
 * Level 15.8 Unarmed Combat


You had 12 spell levels left.
You didn't know any spells.
Your spell library contained the following spells:

 Spells                   Type           Power      Damage    Failure   Level
 Kiss of Death            Conj/Necr      0%         2d5       50%         1
 Necrotise                Necr           0%         1d4       50%         1
 Blink                    Tloc           0%         N/A       63%         2
 Sublimation of Blood     Necr           0%         N/A       63%         2
 Confusing Touch          Hex            0%         N/A       86%         3
 Inner Flame              Hex/Fire       0%         N/A       86%         3
 Kindle Blastsparks       Fire/Tloc/Air  0%         2d10      86%         3
 Vampiric Draining        Necr           0%         2d6       86%         3
 Vhi's Electric Charge    Tloc/Air       0%         N/A       86%         3
 Cause Fear               Hex            0%         N/A       99%         4
 Dispel Undead            Necr           0%         3d6       99%         4
 Fulminant Prism          Conj/Hex       0%         3d5       99%         4
 Iskenderun's Mystic Bla  Conj/Tloc      0%         2d3       99%         4
 Manifold Assault         Tloc           0%         N/A       99%         4
 Passage of Golubria      Tloc           0%         N/A       99%         4
 Petrify                  Tmut/Erth      0%         N/A       99%         4
 Agony                    Necr           0%         N/A       100%        5
 Arcjolt                  Conj/Air       0%         1d10      100%        5
 Irradiate                Conj/Tmut      0%         3d11      100%        5
 Lee's Rapid Deconstruct  Erth           0%         3d4*      100%        5
 Silence                  Hex/Air        0%         N/A       100%        5
 Storm Form               Tmut/Air       0%         N/A       100%        7
 Discord                  Hex            0%         N/A       100%        8
 Lehudib's Crystal Spear  Conj/Erth      0%         10d2      100%        8
 Maxwell's Capacitive Co  Air            0%         ∞         100%        8


Dungeon Overview and Level Annotations

Branches:
Dungeon (9/15)             Temple (0/1) D:5            Lair (5/5) D:9
  Swamp (0/4) Lair:2       Spider (0/4) Lair:2        Slime (0/5) Lair:4
Volcano (visited)
    Orc: D:9-12

Altars:
Dithmenos
Fedhas
Gozag
Hepliaklqana
Kikubaaqudgha
Nemelex Xobeh
Okawaru
Sif Muna
Trog
Uskayaw
Vehumet
Xom
Jiyva

Shops:
D:2 [   D:3 ?   D:4 (   D:8 *[(*   D:9 (

Annotations:
D:3 3 runed translucent doors, nalyd1's ghost, amateur MiFi
D:6 exclusion: statue
D:7 1 runed translucent door, Crazy Yiuf
Lair:5 exclusion: obsidian statue


Innate Abilities, Weirdness & Mutations

You have hoof-like feet.
You have a pair of horns on your head.
Your demonic aura often causes spilled blood to erupt in flames.
You regenerate magic rapidly.
Your touch may inflict irresistible damage on your foes.


Message History

There is a large open door here.
Aiming: Fastroot
Press: ? - help, Shift-Dir - straight line, f - dire elephant
Aim: a dire elephant (severely wounded)
The roots erupt in riotous growth!
Roots grab the dire elephant.
The grasping roots constrict the dire elephant.
The dire elephant struggles to escape constriction.
The grasping roots constrict the dire elephant.
The roots release their grip on the dire elephant.
There is an open gate here.
The dire elephant attacks as you move away!
The dire elephant tramples you! The dire elephant trunk-slaps you!
The dire elephant is engulfed in blazing flames.
Unknown command.
The dire elephant attacks as you move away!
The dire elephant tramples you but does no damage.
The dire elephant trunk-slaps you!
The dire elephant attacks as you move away!
The dire elephant tramples you!! The dire elephant trunk-slaps you.
The dire elephant is engulfed in blazing flames.
The dire elephant attacks as you move away!
The dire elephant misses you. The dire elephant closely misses you.
The dire elephant attacks as you move away!
The dire elephant tramples you!
* * * LOW HITPOINT WARNING * * *
The dire elephant completely misses you.
There is a stone staircase leading up, spattered with blood here.
The dire elephant closely misses you. x2
You climb upwards.
There is a stone staircase leading down here.
You fail to use your ability.
The dire elephant tramples you!!
* * * LOW HITPOINT WARNING * * *
You stumble backwards!
As you read the scroll of fear, it crumbles to dust.
You assume a fearsome visage.
The dire elephant resists with almost no effort.
The dire elephant is engulfed in blazing flames.
The dire elephant tramples you!!
You die...

# ### ########
##.########
.##..#.######P.#PP.##.#
......................#
......................###
#...........P.........#.#
#..........##..........##
............#.........##
#...............@.....#
...........#....Y.....###
#...........#...........#
#...........#.........#.#
#.....................###
#......................#
#.....................##
...........#...........#
....#.......#.........###


You could see a dire elephant.

Vanquished Creatures
  A dire elephant (Lair:5)
  Fannar (Lair:3)
  4 hydras
  A catoblepas (Lair:3)
  Erica (D:8)
  A boulder beetle (Lair:5)
  8 death yaks
  Urug (Lair:3)
  2 spectral death yaks (Lair:5)
  2 skeletal warriors (Volcano)
  A bog body (Lair:2)
  4 necromancers (Lair:5)
  An anaconda skeleton (Volcano)
  A cyclops (D:7)
  13 elephants
  4 black mambas
  Joseph (Lair:1)
  3 gargoyles (Volcano)
  13 cane toads
  A rime drake (Lair:4)
  10 komodo dragons
  A polar bear (Lair:1)
  Prince Ribbit (D:7)
  A harpy skeleton (Volcano)
  4 blink frogs (Lair:5)
  A spectral elephant (Lair:5)
  3 flying skulls (Volcano)
  2 wyverns
  An alligator skeleton (Volcano)
  A wraith (D:9)
  15 yaks
  4 basilisks
  Eustachio (D:4)
  3 vampire mosquitoes (D:7)
  A steam dragon (Lair:1)
  2 redbacks (Lair:2)
  2 death yak simulacra (Lair:5)
  5 swamp worms (Lair:2)
  3 spectral cane toads (Lair:5)
  2 hell hounds (Lair:1)
  16 water moccasins
  2 ice beasts
  An orc warrior (D:9)
  An elephant zombie (Lair:5)
  7 wolves
  2 centaurs
  A phantom (D:6)
  An elephant skeleton (Lair:5)
  13 bullfrogs
  6 scorpions
  A necrophage (D:8)
  5 wights (D:8)
  9 killer bees (D:8)
  An elephant simulacrum (Lair:5)
  A troll skeleton (Volcano)
  An electric eel (Lair:2)
  3 howler monkeys
  4 hounds
  A jelly (D:4)
  4 orc priests
  An iguana (D:5)
  7 orc wizards
  6 hell rats (Lair:3)
  A naga skeleton (Volcano)
  12 gnolls
  7 adders
  3 white imps
  3 worms
  3 dart slugs
  26 orcs
  3 ball pythons
  2 endoplasms
  3 giant cockroaches
  6 goblins
  8 hobgoblins
  4 kobolds
  2 quokkas
  3 bats
  5 frilled lizards
  3 rats
315 creatures vanquished.

Vanquished Creatures (others)
  An orc wizard (D:8)
  An orc (D:8)
  15 fungi
  18 plants
  17 withered plants (Lair:5)
52 creatures vanquished.

Grand Total: 367 creatures vanquished

Notes
Turn   | Place    | Note
-------+----------+-------------------------------------------
     0 | D:1      | boo the Demonspawn Monk began the quest for the Orb.
     0 | D:1      | Reached XP level 1. HP: 18/18 MP: 1/1
   387 | D:1      | Reached skill level 3 in Unarmed Combat
   396 | D:1      | Gained mutation: Your demonic aura sometimes causes spilled
                  | blood to erupt in flames. [demonic ancestry]
   396 | D:1      | Reached XP level 2. HP: 18/24 MP: 2/2
   688 | D:2      | Found a shimmering altar of Xom.
   947 | D:2      | Found a faded altar of an unknown god.
  1055 | D:2      | Discovered your monstrous ancestry.
  1055 | D:2      | Gained mutation: You have large cloven feet. [demonic
                  | ancestry]
  1055 | D:2      | Reached XP level 3. HP: 25/29 MP: 3/3
  1258 | D:2      | Found Abantixa's Armour Boutique.
  1621 | D:3      | Gained mutation: Your demonic aura often causes spilled
                  | blood to erupt in flames. [demonic ancestry]
  1621 | D:3      | Reached XP level 4. HP: 31/35 MP: 4/4
  1654 | D:3      | Found a hazy altar of Hepliaklqana.
  1950 | D:3      | Found a sparkling altar of Nemelex Xobeh.
  1960 | D:3      | Found a bloodstained altar of Trog.
  1975 | D:3      | Found Xeukinn's Magic Scroll Emporium.
  1988 | D:3      | Reached skill level 4 in Unarmed Combat
  2006 | D:3      | Gained mutation: Your touch may inflict minor irresistible
                  | damage on your foes. [demonic ancestry]
  2006 | D:3      | Reached XP level 5. HP: 27/42 MP: 5/5
  2092 | D:3      | Found a runed translucent gate.
  2092 | D:3      | Found a runed translucent gate.
  2092 | D:3      | Found a runed translucent gate.
  2092 | D:3      | Found an opulent altar of Gozag.
  2093 | D:3      | Noticed nalyd1's ghost (amateur MiFi)
  2190 | D:4      | Found Egiyrgh's Antique Weapon Shop.
  2226 | D:4      | Reached XP level 6. HP: 40/48 MP: 6/6
  2378 | D:4      | Noticed a +0 dagger
  2378 | D:4      | Noticed a +0 short sword
  2378 | D:4      | Noticed a +0 falchion
  2379 | D:4      | Noticed a +0 falchion
  2379 | D:4      | Noticed a +0 short sword
  2380 | D:4      | Noticed a +0 dagger
  2380 | D:4      | Noticed a +0 spear
  2382 | D:4      | Noticed a +0 spear
  2386 | D:4      | Found a hide-covered altar of Uskayaw.
  2410 | D:4      | Reached skill level 5 in Unarmed Combat
  3315 | D:4      | Noticed Eustachio
  3327 | D:4      | Killed Eustachio
  3328 | D:4      | Gained mutation: Your touch may inflict irresistible damage
                  | on your foes. [demonic ancestry]
  3328 | D:4      | Reached XP level 7. HP: 27/55 MP: 7/7
  3415 | D:5      | Entered Level 5 of the Dungeon
  3667 | D:5      | Reached skill level 5 in Fighting
  3667 | D:5      | Reached skill level 6 in Unarmed Combat
  3832 | D:5      | Found a staircase to the Ecumenical Temple.
  3999 | D:5      | Found an iron altar of Okawaru.
  4000 | D:5      | Found a shimmering blue altar of Sif Muna.
  4007 | D:5      | Became a worshipper of Warmaster Okawaru
  4007 | D:5      | Reached * piety under Okawaru
  4007 | D:5      | Reached ** piety under Okawaru
  4075 | D:5      | Reached skill level 5 in Dodging
  4075 | D:5      | Reached XP level 8. HP: 53/63 MP: 5/8
  4203 | D:5      | Reached skill level 7 in Unarmed Combat
  4331 | D:6      | You fall into a shaft and drop 3 floors!
  4518 | D:7      | Found a shadowy altar of Dithmenos.
  4655 | D:7      | Reached *** piety under Okawaru
  4656 | D:7      | Reached skill level 8 in Unarmed Combat
  4838 | D:7      | Found a runed translucent door.
  4839 | D:7      | Noticed Crazy Yiuf
  4887 | D:7      | Found an ancient bone altar of Kikubaaqudgha.
  4893 | D:7      | Noticed a cyclops
  4915 | D:7      | Killed a cyclops
  4916 | D:7      | Gained mutation: You have hoof-like feet. [demonic
                  | ancestry]
  4916 | D:7      | Reached XP level 9. HP: 50/71 MP: 6/9
  5016 | D:7      | Noticed Prince Ribbit
  5024 | D:7      | Killed Prince Ribbit
  5062 | D:7      | Noticed a cyclops
  5062 | D:7      | Noticed a gargoyle
  5177 | D:6      | Found a shimmering altar of Xom.
  5379 | D:6      | Found a radiant altar of Vehumet.
  5515 | D:6      | Reached skill level 9 in Unarmed Combat
  5873 | D:7      | Noticed a two-headed ogre
  5927 | D:8      | Found Xarhesche's General Store.
  6015 | D:8      | Reached **** piety under Okawaru
  6037 | D:8      | Received a gift from Okawaru
  6052 | D:8      | Found Irchutam's Armour Boutique.
  6083 | D:8      | Found a blossoming altar of Fedhas.
  6140 | D:8      | Noticed Erica
  6158 | D:8      | HP: 2/72 [something/lance of force (16)]
  6160 | D:8      | Killed Erica
  6161 | D:8      | Gained mutation: You have a pair of small horns on your
                  | head. [demonic ancestry]
  6161 | D:8      | Reached XP level 10. HP: 39/80 MP: 10/10
  6220 | D:8      | Found Kaf Qudd's Assorted Antiques.
  6364 | D:8      | Found Noaduh's Weapon Shop.
  6778 | D:9      | Found Sayhy's Antique Weapon Shop.
  6796 | D:8      | Reached skill level 10 in Unarmed Combat
  7226 | D:9      | Found a staircase to the Lair.
  7663 | Lair:1   | Entered Level 1 of the Lair of Beasts
  7663 | Lair:1   | Noticed Joseph
  7673 | Lair:1   | Killed Joseph
  7767 | Lair:1   | Reached ***** piety under Okawaru
  7799 | Lair:1   | Noticed an elephant
  7802 | Lair:1   | Noticed a cane toad
  7807 | Lair:1   | Killed a cane toad
  7818 | Lair:1   | Noticed an elephant
  7818 | Lair:1   | Noticed an elephant
  7876 | Lair:1   | Killed an elephant
  7916 | Lair:1   | Reached skill level 11 in Unarmed Combat
  8010 | Lair:1   | Noticed a cane toad
  8017 | Lair:1   | Killed a cane toad
  8112 | Lair:1   | Noticed a black mamba
  8118 | Lair:1   | Killed a black mamba
  8177 | Lair:1   | Noticed a cane toad
  8184 | Lair:1   | Killed a cane toad
  8184 | Lair:1   | Received a gift from Okawaru
  8185 | Lair:1   | Gained mutation: You regenerate magic rapidly. [demonic
                  | ancestry]
  8185 | Lair:1   | Reached XP level 11. HP: 81/89 MP: 11/11
  8325 | Lair:1   | Found a dark tunnel.
  8340 | Volcano  | Entered a volcano
  8579 | Volcano  | Noticed a skeletal warrior
  8590 | Volcano  | Killed a skeletal warrior
  8591 | Volcano  | Reached skill level 12 in Unarmed Combat
  8628 | Volcano  | Noticed a skeletal warrior
  8927 | Volcano  | Killed a skeletal warrior
  9231 | Lair:2   | Reached skill level 10 in Fighting
  9320 | Lair:2   | Received a gift from Okawaru
  9626 | Lair:2   | Found a hole to the Spider Nest.
  9897 | Lair:2   | Reached skill level 13 in Unarmed Combat
 10074 | Lair:2   | Reached XP level 12. HP: 64/98 MP: 10/12
 10231 | Lair:2   | Found a staircase to the Swamp.
 10549 | Lair:3   | Noticed Fannar
 10562 | Lair:3   | Killed Fannar
 10631 | Lair:3   | Noticed a catoblepas
 10632 | Lair:3   | Found the +10 morningstar "Eos" {elec, Halo rElec}
 10806 | Lair:3   | Reached skill level 10 in Dodging
 10813 | Lair:3   | Killed a catoblepas
 10988 | Lair:3   | Noticed Urug
 11007 | Lair:3   | Killed Urug
 11007 | Lair:3   | Identified the +0 robe of Okawaru's Regard {Str+5} (Okawaru
                  | gifted it to you on level 3 of the Lair of Beasts)
 11007 | Lair:3   | Received a gift from Okawaru
 11008 | Lair:3   | Reached skill level 14 in Unarmed Combat
 11372 | Lair:4   | Found a viscous altar of Jiyva.
 11372 | Lair:4   | Found a staircase to the Slime Pits.
 11555 | Lair:4   | Noticed a seven-headed hydra
 11562 | Lair:4   | Killed a seven-headed hydra
 11789 | Lair:4   | Noticed a death yak
 11790 | Lair:4   | Noticed a death yak
 11790 | Lair:4   | Noticed a death yak
 11790 | Lair:4   | Noticed a death yak
 11802 | Lair:4   | Killed a death yak
 11802 | Lair:4   | Noticed a death yak
 11803 | Lair:4   | Gained mutation: You have a pair of horns on your head.
                  | [demonic ancestry]
 11803 | Lair:4   | Reached XP level 13. HP: 99/107 MP: 11/13
 12238 | Lair:5   | Entered Level 5 of the Lair of Beasts
 12366 | Lair:5   | Reached skill level 15 in Unarmed Combat
 12452 | Lair:5   | Noticed a dire elephant
 12452 | Lair:5   | Noticed a dire elephant
 12649 | Lair:5   | Reached ****** piety under Okawaru
 12694 | Lair:5   | Identified the +1 buckler of Hedging {rF+} (Okawaru gifted
                  | it to you on level 5 of the Lair of Beasts)
 12694 | Lair:5   | Received a gift from Okawaru
 13190 | Lair:5   | Noticed a dire elephant
 13258 | Lair:5   | Killed a dire elephant
 14184 | Lair:4   | Mangled by a dire elephant

Illustrated notes

Levels and vault maps discovered:
D:1:      lightli_arrival_quake, layout_rooms, minmay_misc_feat_four_crosses
D:2:      layout_loops_cross, serial_shops, shop, basic_altar,
          ebering_ecumenical_altar_hall
D:3:      layout_basic, tso_oasis_becter, trog_book,
          worldfamousw_hep_ancestral_shrine, nemelex_diamond_rough_becter,
          serial_shops, nicolae_square_shop, ebering_ghost_gozag
D:4:      layout_layer_cave, nicolae_uskayaw_en_pointe, serial_shops,
          nicolae_shop_stone, uniq_eustachio
D:5:      layout_basic, nicolae_overflow_squiral,
          minmay_temple_entry_drinking_statues
D:6:      layout_basic, lemuel_tele_altar, vehumet_statue,
          hangedman_decor_riveting
D:7:      minmay_blocky_corners, layout_gridville,
          mainiacjoe_overflow_boulevard, old_standard_altar,
          uniq_crazy_yiuf_cottage, uniq_prince_ribbit1
D:8:      layout_basic, fedhas_altar_fruit_tree, serial_shops,
          nicolae_shop_stone, nicolae_diamond_shop,
          nicolae_shop_bloodbath_and_beyond, shop_statue, uniq_erica
D:9:      layout_cave_pods, lair_entry_dummy, serial_shops, shop
Lair:1:   layout_regular_city, enter_volcano_3, grunt_megastairs_5,
          infiniplex_staircase_pool, serial_bayou_shore_b, uniq_joseph
Lair:2:   layout_small_grid, nicolae_swamp_entry_splash_gauntlet,
          spider_nest_entry_webs, grunt_megastairs_3
Lair:3:   layout_gridlike, chequers_serial_rivers_marsh, st_stairs_9,
          uniq_fannar, uniq_urug
Lair:4:   layout_long_grid, slime_entry_1, chequers_serial_rivers_large_a
Lair:5:   due_jungle_book, layout_gridlike, grunt_megastairs_1,
          serial_bayou_shore_b

Skill      XL: |  1  2  3  4  5  6  7  8  9 10 11 12 13 |
---------------+----------------------------------------+-----
Unarmed Combat | 3 4 5 6 8 9 11 13 14 15 | 15.8
Dodging        | 3 4 5 6 7 8 9 10 11 | 11.5
Fighting       | 4 5 6 7 9 10 11 12 | 12.6
Stealth        | 3 |  3.8

Action                     |  1- 3 |  4- 6 |  7- 9 | 10-12 | 13-15 || total
---------------------------+-------+-------+-------+-------+-------++-------
  Melee: Unarmed           |   134 |   127 |   193 |   449 |   215 ||  1118
         Punch             |     1 |     3 |    12 |    46 |     7 ||    69
         Kick              |    10 |    37 |    60 |   173 |   111 ||   391
         Touch             |       |    15 |    35 |   109 |    11 ||   170
         Headbutt          |       |       |       |   123 |    83 ||   206
 Invoke: Heroism           |       |       |     4 |    16 |     8 ||    28
         Finesse           |       |       |       |     1 |     1 ||     2
  Evoke: Wand              |       |       |       |       |     3 ||     3
    Use: Scroll            |     5 |       |    11 |     8 |     3 ||    27
         Potion            |       |       |     1 |     1 |     1 ||     3
   Stab: Sleeping          |     2 |     2 |     2 |     3 |       ||     9
         Invisible         |       |       |       |     5 |       ||     5
         Distracted        |       |       |       |       |     1 ||     1
 Armour: Robe              |    20 |    19 |       |       |       ||    39
         Ring mail         |       |     3 |    25 |    35 |       ||    63
         Leather armour    |       |       |       |    40 |    26 ||    66
  Dodge: Dodged            |    82 |   116 |   166 |   431 |   179 ||   974
  Block: Buckler           |       |       |       |       |    28 ||    28

Table legend: (Time is in decaauts)
 A = Elapsed time spent in this place.
 B = Non-inter-level travel time spent in this place.
 C = Inter-level travel time spent in this place.
 D = Time resting spent in this place.
 E = Time spent auto-exploring this place.
 F = Levels seen in this place.
 G = Mean time per level.
                   A        B        C        D        E       F      G
               +--------+--------+--------+--------+--------+-----+--------+
         Total |  14001 |  13621 |    380 |   1907 |   8207 |  15 |  933.4 |
       Dungeon |   7627 |   7315 |    312 |    652 |   5002 |   9 |  847.4 |
          Lair |   5795 |   5727 |     68 |   1130 |   3122 |   5 | 1159.0 |
       Volcano |    578 |    578 |      0 |    125 |     83 |   1 |  578.0 |
               +--------+--------+--------+--------+--------+-----+--------+

Top non-repeatable levels by time:
  Lair:5: 1895 daAuts
  Lair:2: 1275 daAuts
     D:4: 1233 daAuts
     D:8: 1181 daAuts
     D:2: 1029 daAuts
  Lair:1: 939 daAuts
     D:5: 872 daAuts
  Lair:4: 849 daAuts
  Lair:3: 836 daAuts
     D:6: 739 daAuts
     D:9: 726 daAuts
     D:7: 711 daAuts
     D:3: 663 daAuts
 Volcano: 578 daAuts
     D:1: 470 daAuts
